| TOP OF THE 1ST |
|
Bowie Baysox batting - Pitching for Chattanooga Lookouts : LHP Kazuo Nishihara
|
|
Pitching: LHP Kazuo Nishihara
|
|
|
Batting: RHB Orlando Melchor
|
0-0: SINGLE (Line Drive, 8LS, EV 110.0 MPH)
|
|
Batting: RHB Jeremy Giesler
|
0-0: Ball 1-0: Ball 2-0: Foul Ball, location: 2F 2-1: SINGLE (Groundball, 6M, EV 109.4 MPH) Orlando Melchor to second
|
|
Batting: RHB Dermott Neill
|
0-0: Ball Orlando Melchor steals 3rd base Jeremy Giesler to second 1-0: Foul Ball, location: 2F 1-1: Ball 2-1: Foul Ball, location: 2F 2-2: Ground out 4-3 (Groundball, 4S, EV 88.8 MPH) Orlando Melchor scores Jeremy Giesler to third
|
|
Batting: RHB Min-u Lee
|
0-0: Ground out 5-3 (Groundball, 25, EV 82.5 MPH)
|
|
Batting: RHB Rudo Garciaparra
|
0-0: Foul Ball, location: 2F 0-1: Called Strike 0-2: Foul Ball, location: 2F 0-2: DOUBLE (Line Drive, 7LS, EV 100.6 MPH) Jeremy Giesler scores
|
|
Batting: SHB Tony Pantaleon
|
0-0: Ball 1-0: Fly out, F2 (Popup, 2R, EV 95.0 MPH)
|
| Top of the 1st over - 2 runs, 3 hits, 0 errors, 1 left on base; Bowie 2 - Chattanooga 0 |
| BOTTOM OF THE 1ST |
|
Chattanooga Lookouts batting - Pitching for Bowie Baysox : RHP Travis Tovey
|
|
Pitching: RHP Travis Tovey
|
|
|
Batting: LHB Kozo Kanamori
|
0-0: Swinging Strike 0-1: Swinging Strike 0-2: Ball 1-2: Foul Ball, location: 2F 1-2: Ground out U3 (Groundball, 34S, EV 85.0 MPH)
|
|
Batting: RHB Ben Droge
|
0-0: Called Strike 0-1: Ball 1-1: Foul Ball, location: 2F 1-2: SINGLE (Groundball, 6D, EV 105.0 MPH)
|
|
Batting: LHB Matt Robertson
|
0-0: Called Strike Ben Droge steals 2nd base 0-1: Foul Ball, location: 2F 0-2: Ground out 4-3 (Groundball, 34, EV 80.6 MPH) Ben Droge to third
|
|
Batting: RHB Isaiah Easter
|
0-0: Ball 1-0: Foul Ball, location: 2F 1-1: Foul Ball, location: 2F 1-2: Ball 2-2: Foul Ball, location: 2F 2-2: Ball 3-2: Strikes out swinging
|
| Bottom of the 1st over - 0 runs, 1 hit, 0 errors, 1 left on base; Bowie 2 - Chattanooga 0 |
| TOP OF THE 2ND |
|
Bowie Baysox batting - Pitching for Chattanooga Lookouts : LHP Kazuo Nishihara
|
|
Batting: RHB Andy Chess
|
0-0: Ball 1-0: Ground out 5-3 (Groundball, 56, EV 84.4 MPH)
|
|
Batting: SHB Eric Tiehen
|
0-0: Ball 1-0: Ball 2-0: Called Strike 2-1: TRIPLE (Line Drive, 8RXD, EV 105.6 MPH)
|
|
Batting: RHB Danny Merrill
|
0-0: Called Strike 0-1: Ground out 6-3 (Groundball, P, EV 86.9 MPH) Eric Tiehen scores
|
|
Batting: RHB Orlando Melchor
|
0-0: Ball 1-0: Ball 2-0: Ball 3-0: Base on Balls
|
|
Batting: RHB Jeremy Giesler
|
0-0: Called Strike 0-1: Ball 1-1: Ball 2-1: Ball Orlando Melchor steals 2nd base 3-1: Base on Balls
|
|
Batting: RHB Dermott Neill
|
0-0: Foul Ball, location: 2F 0-1: Called Strike 0-2: Ball 1-2: Strikes out swinging
|
| Top of the 2nd over - 1 run, 1 hit, 0 errors, 2 left on base; Bowie 3 - Chattanooga 0 |
| BOTTOM OF THE 2ND |
|
Chattanooga Lookouts batting - Pitching for Bowie Baysox : RHP Travis Tovey
|
|
Batting: RHB Ruben Martinez
|
0-0: Called Strike 0-1: Swinging Strike 0-2: Strikes out swinging
|
|
Batting: SHB Chris Ortiz
|
0-0: Ball 1-0: Ground out 5-3 (Groundball, 56, EV 103.1 MPH)
|
|
Batting: RHB Masaichi Tokunaga
|
0-0: Called Strike 0-1: Fly out, F7 (Flyball, 78D, EV 78.8 MPH)
|
| Bottom of the 2nd over - 0 runs, 0 hits, 0 errors, 0 left on base; Bowie 3 - Chattanooga 0 |
| TOP OF THE 3RD |
|
Bowie Baysox batting - Pitching for Chattanooga Lookouts : LHP Kazuo Nishihara
|
|
Batting: RHB Min-u Lee
|
0-0: Ball 1-0: Ball 2-0: Ball 3-0: Base on Balls
|
|
Batting: RHB Rudo Garciaparra
|
0-0: Called Strike 0-1: Ball 1-1: Fly out, F4 (Popup, 4, EV 61.2 MPH)
|
|
Batting: SHB Tony Pantaleon
|
0-0: Called Strike 0-1: Swinging Strike 0-2: SINGLE (Groundball, 6S, EV 68.8 MPH) (infield hit) Min-u Lee to second
|
|
Batting: RHB Andy Chess
|
0-0: Called Strike 0-1: Swinging Strike 0-2: Ball 1-2: DOUBLE (Line Drive, 5D, EV 107.5 MPH) Min-u Lee scores Tony Pantaleon to third
|
|
Batting: SHB Eric Tiehen
|
0-0: Swinging Strike Passed Ball! Tony Pantaleon scores Andy Chess to third 0-1: Foul Ball, location: 2F 0-2: Ball 1-2: SINGLE (Groundball, 4MD, EV 108.8 MPH) Andy Chess scores
|
|
Pitching: LHP Craig Anderson
|
|
|
Batting: RHB Danny Merrill
|
0-0: SINGLE (Line Drive, 9LS, EV 106.9 MPH) Eric Tiehen to second
|
|
Batting: RHB Orlando Melchor
|
0-0: Called Strike 0-1: Fielders Choice at 2nd, 6-4 (Groundball, 6, EV 82.5 MPH) Eric Tiehen to third
|
|
Batting: RHB Jeremy Giesler
|
0-0: Ball 1-0: Fielders Choice at 2nd, 6-4 (Groundball, 6, EV 85.6 MPH)
|
| Top of the 3rd over - 3 runs, 4 hits, 0 errors, 2 left on base; Bowie 6 - Chattanooga 0 |
| BOTTOM OF THE 3RD |
|
Chattanooga Lookouts batting - Pitching for Bowie Baysox : RHP Travis Tovey
|
|
Batting: RHB Julian de Reus
|
0-0: Ground out 5-3 (Groundball, 56S, EV 86.2 MPH)
|
|
Batting: RHB Francisque Regras
|
0-0: Ball 1-0: Ball 2-0: Ball 3-0: Called Strike 3-1: Ground out 5-3 (Groundball, 5, EV 82.5 MPH)
|
|
Batting: LHB Kozo Kanamori
|
0-0: Ball 1-0: Ball 2-0: Called Strike 2-1: SINGLE (Line Drive, 9S, EV 103.8 MPH)
|
|
Batting: RHB Ben Droge
|
0-0: Ball 1-0: Ball 2-0: Foul Ball, location: 2F 2-1: Ball 3-1: Ground out 5-3 (Groundball, 25, EV 81.2 MPH)
|
| Bottom of the 3rd over - 0 runs, 1 hit, 0 errors, 1 left on base; Bowie 6 - Chattanooga 0 |
| TOP OF THE 4TH |
|
Bowie Baysox batting - Pitching for Chattanooga Lookouts : LHP Craig Anderson
|
|
Batting: RHB Dermott Neill
|
0-0: Foul Ball, location: 2F 0-1: Ball 1-1: Swinging Strike 1-2: Foul Ball, location: 2F 1-2: Ball 2-2: Foul Ball, location: 2F 2-2: Strikes out swinging
|
|
Batting: RHB Min-u Lee
|
0-0: Ball 1-0: Ball 2-0: Ball 3-0: Base on Balls
|
|
Batting: RHB Rudo Garciaparra
|
0-0: Ball 1-0: Ball 2-0: Ball 3-0: Base on Balls Min-u Lee to second
|
|
Batting: SHB Tony Pantaleon
|
0-0: Ball 1-0: Foul Ball, location: 2F 1-1: Called Strike 1-2: SINGLE (Groundball, 56D, EV 106.2 MPH) Min-u Lee to third Rudo Garciaparra to second Runner from 3rd tries for Home, SAFE, throw by LF to home
|
|
Batting: RHB Andy Chess
|
0-0: Called Strike 0-1: 3-RUN HOME RUN (Line Drive, 7D, EV 101.2 MPH), Distance : 412 ft
|
|
Batting: SHB Eric Tiehen
|
0-0: Called Strike 0-1: Called Strike 0-2: Ball 1-2: Ball 2-2: Strikes out swinging
|
|
Batting: RHB Danny Merrill
|
0-0: Called Strike 0-1: Ball 1-1: Foul Ball, location: 2F 1-2: Strikes out swinging
|
| Top of the 4th over - 4 runs, 2 hits, 0 errors, 0 left on base; Bowie 10 - Chattanooga 0 |
| BOTTOM OF THE 4TH |
|
Chattanooga Lookouts batting - Pitching for Bowie Baysox : RHP Travis Tovey
|
|
Batting: LHB Matt Robertson
|
0-0: Foul Ball, location: 2F 0-1: Foul Ball, location: 2F 0-2: Foul Ball, location: 2F 0-2: Foul Ball, location: 2F 0-2: Foul Ball, location: 2F 0-2: Ball 1-2: Foul Ball, location: 2F 1-2: Fly out, F8 (Line Drive, 8RM, EV 99.4 MPH)
|
|
Batting: RHB Isaiah Easter
|
0-0: Ball 1-0: Ground out 1-3 (Groundball, P, EV 63.1 MPH)
|
|
Batting: RHB Ruben Martinez
|
0-0: Called Strike 0-1: Fly out, F9 (Flyball, 9D, EV 97.5 MPH)
|
| Bottom of the 4th over - 0 runs, 0 hits, 0 errors, 0 left on base; Bowie 10 - Chattanooga 0 |
| TOP OF THE 5TH |
|
Bowie Baysox batting - Pitching for Chattanooga Lookouts : LHP Craig Anderson
|
|
Batting: RHB Orlando Melchor
|
0-0: Called Strike 0-1: Foul Ball, location: 2F 0-2: Ball 1-2: Ball 2-2: SOLO HOME RUN (Flyball, 78XD, EV 106.2 MPH), Distance : 406 ft
|
|
Pitching: RHP Justin Nourse
|
|
|
Batting: RHB Jeremy Giesler
|
0-0: Swinging Strike 0-1: Called Strike 0-2: Strikes out swinging
|
|
Batting: RHB Dermott Neill
|
0-0: Ball 1-0: SINGLE (Groundball, 6MD, EV 98.1 MPH) (infield hit)
|
|
Batting: RHB Min-u Lee
|
0-0: Fly out, F6 (Line Drive, 6, EV 62.5 MPH)
|
|
Batting: RHB Rudo Garciaparra
|
0-0: Ball 1-0: Foul Ball, location: 2F 1-1: Ball 2-1: Ground out 1-3 (Groundball, P, EV 64.4 MPH)
|
| Top of the 5th over - 1 run, 2 hits, 0 errors, 1 left on base; Bowie 11 - Chattanooga 0 |
| BOTTOM OF THE 5TH |
|
Chattanooga Lookouts batting - Pitching for Bowie Baysox : RHP Travis Tovey
|
|
Batting: SHB Chris Ortiz
|
0-0: Ball 1-0: Foul Ball, location: 2F 1-1: Swinging Strike 1-2: Reached on error, E5 (Groundball, 56, EV 81.9 MPH)
|
|
Batting: RHB Masaichi Tokunaga
|
0-0: Fly out, F5 (Flyball, 56D, EV 87.5 MPH)
|
|
Batting: RHB Julian de Reus
|
0-0: Fly out, F8 (Flyball, 78D, EV 90.6 MPH)
|
|
Batting: RHB Francisque Regras
|
0-0: Ball 1-0: Ground out 4-3 (Groundball, 34, EV 103.1 MPH)
|
| Bottom of the 5th over - 0 runs, 0 hits, 1 error, 1 left on base; Bowie 11 - Chattanooga 0 |
| TOP OF THE 6TH |
|
Bowie Baysox batting - Pitching for Chattanooga Lookouts : RHP Justin Nourse
|
|
Batting: SHB Tony Pantaleon
|
0-0: Ball 1-0: Ball 2-0: Ground out 3-1 (Groundball, 34, EV 103.8 MPH)
|
|
Batting: RHB Andy Chess
|
0-0: Foul Ball, location: 2F 0-1: Foul Ball, location: 2F 0-2: Strikes out swinging
|
|
Batting: SHB Eric Tiehen
|
0-0: DOUBLE (Flyball, 8LXD, EV 105.6 MPH)
|
|
Batting: RHB Danny Merrill
|
0-0: Ball 1-0: Foul Ball, location: 2F 1-1: Foul Ball, location: 2F 1-2: Foul Ball, location: 2F 1-2: Strikes out looking
|
| Top of the 6th over - 0 runs, 1 hit, 0 errors, 1 left on base; Bowie 11 - Chattanooga 0 |
| BOTTOM OF THE 6TH |
|
Chattanooga Lookouts batting - Pitching for Bowie Baysox : RHP Travis Tovey
|
|
Batting: LHB Kozo Kanamori
|
0-0: Called Strike 0-1: Foul Ball, location: 2F 0-2: Ball 1-2: Ball 2-2: Strikes out swinging
|
|
Batting: RHB Ben Droge
|
0-0: SINGLE (Groundball, 56S, EV 68.8 MPH) (infield hit)
|
|
Batting: LHB Matt Robertson
|
0-0: Ball 1-0: Foul Ball, location: 2F 1-1: Fielders Choice at 2nd, 5-4 (Groundball, 56, EV 90.6 MPH)
|
|
Batting: RHB Isaiah Easter
|
0-0: Ball 1-0: Foul Ball, location: 2F 1-1: Ball 2-1: SINGLE (Groundball, 6MD, EV 95.6 MPH) Matt Robertson to second
|
|
Batting: RHB Ruben Martinez
|
0-0: Ball 1-0: Reached on error, E6 (Groundball, 56, EV 84.4 MPH) Matt Robertson to third Isaiah Easter to second
|
|
Batting: SHB Chris Ortiz
|
0-0: Swinging Strike 0-1: Ball 1-1: Foul Ball, location: 2F 1-2: Foul Ball, location: 2F 1-2: Ball 2-2: Ground out U3 (Groundball, 3, EV 82.5 MPH)
|
| Bottom of the 6th over - 0 runs, 2 hits, 1 error, 3 left on base; Bowie 11 - Chattanooga 0 |
| TOP OF THE 7TH |
|
Bowie Baysox batting - Pitching for Chattanooga Lookouts : RHP Justin Nourse
|
|
Batting: RHB Orlando Melchor
|
0-0: Called Strike 0-1: Ball 1-1: Foul Ball, location: 2F 1-2: Ball 2-2: Reached on error, E1 (Groundball, 23, EV 66.9 MPH)
|
|
Pitching: RHP Curtis Ferguson
|
|
|
Batting: RHB Jeremy Giesler
|
0-0: Fly out, F9 (Flyball, 9LS, EV 83.1 MPH)
|
|
Batting: RHB Dermott Neill
|
0-0: Ball 1-0: Swinging Strike 1-1: Ball 2-1: Ball 3-1: Foul Ball, location: 2F 3-2: SINGLE (Line Drive, 8LS, EV 88.1 MPH) Orlando Melchor to third Runner from 3rd tries for Home, SAFE, throw by CF to home
|
|
Batting: RHB Min-u Lee
|
0-0: Hit by Pitch Dermott Neill to second
|
|
Pinch Hitting: RHB Vince Jackson
|
0-0: Ball 1-0: Ball 2-0: Called Strike 2-1: Ball 3-1: Foul Ball, location: 2F 3-2: Strikes out looking
|
|
Batting: SHB Tony Pantaleon
|
0-0: Ball 1-0: Called Strike 1-1: Ground out 4-3 (Groundball, 4, EV 87.5 MPH)
|
| Top of the 7th over - 1 run, 1 hit, 1 error, 2 left on base; Bowie 12 - Chattanooga 0 |
| BOTTOM OF THE 7TH |
|
Chattanooga Lookouts batting - Pitching for Bowie Baysox : RHP Travis Tovey
|
|
Now at 2B: Vince Jackson
|
|
|
Pinch Hitting: RHB Miguel Verduzco
|
0-0: Called Strike 0-1: Called Strike 0-2: Ball 1-2: Reached on error, E6 (Groundball, 6S, EV 73.1 MPH)
|
|
Batting: RHB Julian de Reus
|
0-0: Ground out 6-3 (Groundball, 6, EV 82.5 MPH) Miguel Verduzco to third
|
|
Batting: RHB Francisque Regras
|
0-0: Called Strike 0-1: Ball 1-1: Swinging Strike 1-2: Strikes out swinging
|
|
Batting: LHB Kozo Kanamori
|
0-0: Ground out 4-3 (Groundball, 4, EV 86.9 MPH)
|
| Bottom of the 7th over - 0 runs, 0 hits, 1 error, 1 left on base; Bowie 12 - Chattanooga 0 |
| TOP OF THE 8TH |
|
Bowie Baysox batting - Pitching for Chattanooga Lookouts : RHP Curtis Ferguson
|
|
Now at 1B: Miguel Verduzco
|
|
|
Batting: RHB Andy Chess
|
0-0: Foul Ball, location: 2F 0-1: Ball 1-1: Ground out 6-3 (Groundball, 6S, EV 83.8 MPH)
|
|
Batting: SHB Eric Tiehen
|
0-0: Called Strike 0-1: Ball 1-1: SINGLE (Groundball, 25, EV 67.5 MPH) (infield hit)
|
|
Batting: RHB Danny Merrill
|
0-0: Swinging Strike 0-1: Called Strike 0-2: Foul Ball, location: 2F 0-2: Foul Ball, location: 2F 0-2: Ball 1-2: Foul Ball, location: 2F 1-2: Strikes out swinging
|
|
Batting: RHB Orlando Melchor
|
Pickoff Throw to First - Out! 1-3
|
| Top of the 8th over - 0 runs, 1 hit, 0 errors, 0 left on base; Bowie 12 - Chattanooga 0 |
| BOTTOM OF THE 8TH |
|
Chattanooga Lookouts batting - Pitching for Bowie Baysox : RHP Travis Tovey
|
|
Batting: RHB Ben Droge
|
0-0: Ball 1-0: Ball 2-0: Called Strike 2-1: Swinging Strike 2-2: Foul Ball, location: 2F 2-2: Foul Ball, location: 2F 2-2: Strikes out swinging
|
|
Pitching: RHP Påske Olmqvist
|
|
|
Pinch Hitting: LHB Marius Tadini
|
0-0: Ball 1-0: Ball 2-0: Ball 3-0: Called Strike 3-1: SOLO HOME RUN (Flyball, 9LD, EV 93.8 MPH), Distance : 348 ft
|
|
Batting: RHB Isaiah Easter
|
0-0: Called Strike 0-1: Ball 1-1: Ground out 3-1 (Groundball, 34S, EV 85.6 MPH)
|
|
Batting: RHB Justin Allison
|
0-0: Ball 1-0: Swinging Strike 1-1: Foul Ball, location: 2F 1-2: Ball 2-2: Foul Ball, location: 2F 2-2: Ball 3-2: Foul Ball, location: 2F 3-2: Strikes out swinging
|
| Bottom of the 8th over - 1 run, 1 hit, 0 errors, 0 left on base; Bowie 12 - Chattanooga 1 |
| TOP OF THE 9TH |
|
Bowie Baysox batting - Pitching for Chattanooga Lookouts : RHP Curtis Ferguson
|
|
Now in RF: Marius Tadini
|
|
|
Batting: RHB Orlando Melchor
|
0-0: Ground out 6-3 (Groundball, 6, EV 92.5 MPH)
|
|
Batting: RHB Jeremy Giesler
|
0-0: Fly out, F6 (Line Drive, 6, EV 62.5 MPH)
|
|
Batting: RHB Dermott Neill
|
0-0: Called Strike 0-1: Ball 1-1: Foul Ball, location: 2F 1-2: Ball 2-2: Foul Ball, location: 2F 2-2: Fly out, F5 (Popup, 56S, EV 72.5 MPH)
|
| Top of the 9th over - 0 runs, 0 hits, 0 errors, 0 left on base; Bowie 12 - Chattanooga 1 |
| BOTTOM OF THE 9TH |
|
Chattanooga Lookouts batting - Pitching for Bowie Baysox : RHP Påske Olmqvist
|
|
Batting: SHB Chris Ortiz
|
0-0: Called Strike 0-1: Ball 1-1: Swinging Strike 1-2: Strikes out swinging
|
|
Batting: RHB Miguel Verduzco
|
0-0: Ground out 5-3 (Groundball, 5, EV 100.6 MPH)
|
|
Batting: RHB Julian de Reus
|
0-0: Ball 1-0: Fly out, F7 (Flyball, 78S, EV 91.9 MPH)
|
| Bottom of the 9th over - 0 runs, 0 hits, 0 errors, 0 left on base; Bowie 12 - Chattanooga 1 |
|